 Dungeon Crawl Stone Soup version 0.28-a0-730-g892d06dc2c (webtiles) character file.

Game seed: 17170318447349113609

112 Woods the Insei (level 4, -9/31 HPs)
             Began as an Octopode Transmuter on Oct 28, 2021.
             Killed by divine providence
             ... invoked by an orc priest
              (15 damage)
             ... on level 3 of the Dungeon.
             The game lasted 00:03:52 (3772 turns).

Woods the Insei (Octopode Transmuter)               Turns: 3772, Time: 00:03:53

Health: -9/31      AC:  1    Str:  9    XL:     4   Next: 93%
Magic:  7/7        EV: 13    Int: 15    God:
Gold:   133        SH:  0    Dex: 13    Spells: 1/7 levels left

rFire   . . .      SeeInvis .     - Unarmed
rCold   . . .      Faith    .   (no shield)
rNeg    . . .      Spirit   .   (helmet restricted)
rPois   .          Reflect  .   (no amulet)
rElec   .          Harm     .   (no ring)
rCorr   .          Rampage  .   (no ring)
Will    .....                   (no ring)
Stlth   ++........              (no ring)
HPRegen 0.10/turn               (no ring)
MPRegen 0.10/turn               (no ring)
                                (no ring)
                                (no ring)

@: no status effects
A: almost no armour, amphibious, 8 rings, camouflage 1, gelatinous body 1,
(nimble swimmer 1), tentacles
a: no special abilities


You were on level 3 of the Dungeon.
You visited 1 branch of the dungeon, and saw 3 of its levels.

You collected 133 gold pieces.

Inventory:

Scrolls
 a - 4 scrolls of teleportation {unknown}
 b - a scroll of acquirement {unknown}
 c - 2 scrolls of blinking {unknown}
 f - a scroll of enchant armour {unknown}
 g - a scroll of fear {unknown}
 h - a scroll of amnesia {unknown}
 i - a scroll of summoning {unknown}
Potions
 d - a potion of ambrosia {unknown}
 e - 3 potions of degeneration {unknown}
 j - a potion of heal wounds {unknown}


   Skills:
 + Level 3.2 Fighting
 - Level 2.0 Dodging
 + Level 4.4 Unarmed Combat
 - Level 2.0 Spellcasting
 - Level 2.0 Transmutations


You had one spell level left.
You knew the following spells:

 Your Spells              Type           Power      Damage    Failure   Level
a - Beastly Appendage     Tmut           14%        N/A       10%         1
b - Wereblood             Tmut           7%         N/A       14%         2
c - Spider Form           Tmut/Pois      2%         N/A       41%         3

Your spell library contained the following spells:

 Spells                   Type           Power      Damage    Failure   Level
 Ensorcelled Hibernation  Hex/Ice        2%         N/A       32%         2
 Tukima's Dance           Hex            1%         N/A       54%         3
 Ice Form                 Ice/Tmut       4%         N/A       82%         4


Dungeon Overview and Level Annotations

Branches:
Dungeon (3/15)

Altars:


Innate Abilities, Weirdness & Mutations

You cannot wear most types of armour.
You are amphibious.
You can wear up to eight rings at the same time.
Your skin changes colour to match your surroundings (Stealth+).
Your rubbery body absorbs attacks. (AC +1, EV +1)
((You are camouflaged near water. (Stealth+)))
You have tentacles for arms and can constrict up to eight enemies at once.


Message History

j - an inky potion
Found a short sword.
Found an escape hatch in the ceiling.
You see here 19 stones.
A dart slug comes into view.
A dart slug is nearby!
A dart slug is nearby!
An orc comes into view. It is wielding a +0 falchion.
Casting: Beastly Appendage (safe; 10% risk of failure)
Confirm with . or Enter, or press ? or * to list all spells.
One of your tentacles grows a vicious spike.
The orc shouts!
An orc and an orc priest come into view.
The orc shouts!
The orc priest shouts!
You tentacle-slap the dart slug but do no damage.
You grab the dart slug. You constrict the dart slug.
An orc wizard comes into view. It is wielding a +0 dagger.
The dart slug bites you.
You completely miss the dart slug.
The orc wizard shouts!
You pierce the dart slug.
The dart slug is severely wounded.
You constrict the dart slug.
The orc priest calls down the wrath of Beogh upon you.
Beogh smites you!
You release your grip on the dart slug.
The dart slug launches a dart at you. The slug dart hits you.
The dart slug launches a dart at you. The slug dart hits you.
* * * LOW HITPOINT WARNING * * *
Your transformation is almost over.
The orc priest casts a cantrip, but nothing happens.
The dart slug launches a dart at you. The slug dart hits you.
* * * LOW HITPOINT WARNING * * *
Your tentacle spike disappears.
The orc priest mumbles some strange prayers to Beogh against you.
Beogh smites you!
You die...

....##....##.#................
...........#.#.)..............
..............................
....#..##...............<.....
.o..#...#.....................
.o..#>...........####. .
.#.o.............####...
##.##o#.#...............
.........o.o.o..@....#
########...........###
#..................#
#...(#####........[... #....#
#............. #)...#
#...........## #....#
#...........# #....#
#...........# #....# #........


You could see an orc priest and 2 orcs.

Vanquished Creatures
  3 gnolls (D:2)
  3 adders (D:2)
  A worm (D:2)
  A dart slug (D:1)
  9 ball pythons
  4 endoplasms
  4 giant cockroaches
  4 hobgoblins
  2 jackals (D:1)
  3 kobolds
  3 quokkas
  A bat (D:1)
  2 frilled lizards
  7 goblins
  5 rats
52 creatures vanquished.

Notes
Turn   | Place    | Note
-------+----------+-------------------------------------------
     0 | D:1      | Woods the Octopode Transmuter began the quest for the Orb.
     0 | D:1      | Reached XP level 1. HP: 13/13 MP: 3/3
   139 | D:1      | Reached XP level 2. HP: 14/18 MP: 3/5
   142 | D:1      | Learned a level 2 spell: Wereblood
   955 | D:1      | Reached XP level 3. HP: 19/24 MP: 4/6
  1887 | D:2      | Learned a level 3 spell: Spider Form
  2445 | D:2      | Reached skill level 4 in Unarmed Combat
  2445 | D:2      | Reached XP level 4. HP: 29/30 MP: 4/7
  3772 | D:3      | Killed from afar by an orc priest

Illustrated notes

Levels and vault maps discovered:
D:1:      matt_arrival_grand_opening, layout_basic, chequers_garden,
          grunt_decor_arrowhead
D:2:      layout_basic
D:3:      layout_rooms, uniq_sigmund

Skill      XL: |  1  2  3  4 |
---------------+-------------+-----
Fighting       | 2 3 |  3.2
Unarmed Combat | 4 |  4.4
Dodging        | |  2.0
Spellcasting   | |  2.0
Transmutations | |  2.0

Action                   |  1- 3 |  4- 6 || total
-------------------------+-------+-------++-------
Melee: Unarmed           |    89 |    33 ||   122
       Constrict         |    23 |     6 ||    29
       Kick              |    31 |     7 ||    38
       Tentacles         |     9 |     3 ||    12
       Punch             |     1 |       ||     1
 Cast: Beastly Appendage |    27 |     8 ||    35
       Wereblood         |     1 |       ||     1
       Spider Form       |       |     1 ||     1
 Stab: Sleeping          |     4 |       ||     4
Armor: Skin              |     7 |       ||     7
Dodge: Dodged            |    48 |    14 ||    62

Table legend: (Time is in decaauts)
 A = Elapsed time spent in this place.
 B = Non-inter-level travel time spent in this place.
 C = Inter-level travel time spent in this place.
 D = Time resting spent in this place.
 E = Time spent auto-exploring this place.
 F = Levels seen in this place.
 G = Mean time per level.
                   A        B        C        D        E       F      G
               +--------+--------+--------+--------+--------+-----+--------+
         Total |   3762 |   3664 |     98 |   1040 |   2142 |   3 | 1254.0 |
       Dungeon |   3762 |   3664 |     98 |   1040 |   2142 |   3 | 1254.0 |
               +--------+--------+--------+--------+--------+-----+--------+

Top non-repeatable levels by time:
     D:1: 1794 daAuts
     D:2: 1780 daAuts
     D:3: 187 daAuts
